TOP OF THE 1ST |
Texas Rangers batting - Pitching for Colorado Rockies : LHP Steve Ransom
|
Pitching: LHP Steve Ransom
|
|
Batting: SHB Jun Tsuda
|
0-0: Ball 1-0: Foul Ball, location: 2F 1-1: SINGLE (Line Drive, 6D, EV 95.0 MPH)
|
Batting: SHB John Giesbrecht
|
0-0: Ball 1-0: Ball 2-0: Ball Wild Pitch! Jun Tsuda to second 3-0: Base on Balls
|
Batting: RHB Butch Kaiser
|
0-0: Ball 1-0: Foul Ball, location: 2F 1-1: Foul Ball, location: 2F 1-2: Ball 2-2: Foul Ball, location: 2F 2-2: SINGLE (Groundball, 56S, EV 67.5 MPH) (infield hit) Jun Tsuda to third John Giesbrecht to second
|
Batting: RHB Adriaan Boessenkool
|
0-0: Called Strike 0-1: Foul Ball, location: 2F 0-2: Foul Ball, location: 2F 0-2: Strikes out looking
|
Batting: SHB Tze-meng Gan
|
0-0: Ball 1-0: GRAND SLAM HOME RUN (Flyball, 7D, EV 100.0 MPH), Distance : 394 ft
|
Batting: RHB Zhao-ji Chi
|
0-0: Foul Ball, location: 2F 0-1: Ball 1-1: Ball 2-1: Called Strike 2-2: Foul Ball, location: 2F 2-2: Ball 3-2: SINGLE (Line Drive, 4MD, EV 111.9 MPH)
|
Batting: LHB Sean Geisler
|
0-0: Ball 1-0: Ball 2-0: Ball 3-0: Base on Balls Zhao-ji Chi to second
|
Batting: LHB Andy Bowman
|
0-0: Ball 1-0: Fly out, F8 (Flyball, 8LM, EV 90.6 MPH) Runner from 2nd tags up, SAFE at 3rd with throw by CF
|
Batting: RHB Jerry Jauregui
|
0-0: Fly out, F8 (Flyball, 8RM, EV 89.4 MPH)
|
Top of the 1st over - 4 runs, 4 hits, 0 errors, 2 left on base; Texas 4 - Colorado 0 |
BOTTOM OF THE 1ST |
Colorado Rockies batting - Pitching for Texas Rangers : RHP Pimbly Nimblebottom
|
Pitching: RHP Pimbly Nimblebottom
|
|
Batting: SHB Chris Blue
|
0-0: Called Strike 0-1: Ball 1-1: Foul Ball, location: 2F 1-2: Ball 2-2: Foul Ball, location: 2F 2-2: Ball 3-2: Base on Balls
|
Batting: SHB Jon Munoz
|
0-0: Called Strike 0-1: Called Strike 0-2: Ball 1-2: TRIPLE (Line Drive, 8RXD, EV 104.4 MPH) Chris Blue scores
|
Batting: RHB Joel Haycock
|
0-0: Foul Ball, location: 2F 0-1: Ball 1-1: Foul Ball, location: 2F 1-2: Ball 2-2: Ball 3-2: Fly out, F6 (Flyball, 6MD, EV 82.5 MPH)
|
Batting: RHB Jason Andrews
|
0-0: Ball 1-0: Ball 2-0: Called Strike 2-1: Ball 3-1: Base on Balls
|
Batting: RHB Sterling Acosta
|
0-0: Ball 1-0: Ball 2-0: Foul Ball, location: 2F 2-1: Foul Ball, location: 2F 2-2: Strikes out swinging
|
Batting: SHB Eddie Quinones
|
0-0: Swinging Strike 0-1: Foul Ball, location: 2F 0-2: Ball 1-2: Ball 2-2: Strikes out looking
|
Bottom of the 1st over - 1 run, 1 hit, 0 errors, 2 left on base; Texas 4 - Colorado 1 |
TOP OF THE 2ND |
Texas Rangers batting - Pitching for Colorado Rockies : LHP Steve Ransom
|
Batting: SHB Jun Tsuda
|
0-0: Ball 1-0: Ball 2-0: Ball 3-0: Base on Balls
|
Batting: SHB John Giesbrecht
|
0-0: Ball 1-0: Foul Ball, location: 2F 1-1: Ball Jun Tsuda steals 2nd base (no throw) 2-1: Ball 3-1: Foul Ball, location: 2F 3-2: Foul Ball, location: 2F 3-2: Fly out, F9 (Flyball, 89S, EV 81.9 MPH)
|
Batting: RHB Butch Kaiser
|
0-0: Fly out, F9 (Flyball, 9, EV 90.6 MPH)
|
Batting: RHB Adriaan Boessenkool
|
0-0: DOUBLE (Line Drive, 7LM, EV 101.9 MPH) Jun Tsuda scores
|
Batting: SHB Tze-meng Gan
|
0-0: Ball 1-0: Ball 2-0: Ball 3-0: Base on Balls
|
Batting: RHB Zhao-ji Chi
|
0-0: Called Strike 0-1: Called Strike 0-2: Strikes out swinging
|
Top of the 2nd over - 1 run, 1 hit, 0 errors, 2 left on base; Texas 5 - Colorado 1 |
BOTTOM OF THE 2ND |
Colorado Rockies batting - Pitching for Texas Rangers : RHP Pimbly Nimblebottom
|
Batting: RHB Chad Thompson
|
0-0: Ball 1-0: SINGLE (Groundball, 13S, EV 70.6 MPH) (infield hit)
|
Batting: LHB Robert Watson
|
0-0: Ball 1-0: Called Strike 1-1: Foul Ball, location: 2F 1-2: Foul Ball, location: 2F 1-2: Ball 2-2: Grounds into double play, 3-6-1 (Groundball, 3S, EV 86.2 MPH)
|
Batting: RHB Eduardo Camacho
|
0-0: Ball 1-0: Ball 2-0: SINGLE (Groundball, 56D, EV 99.4 MPH)
|
Batting: SHB Chris Blue
|
0-0: Ball 1-0: Foul Ball, location: 2F 1-1: Foul Ball, location: 2F 1-2: Foul Ball, location: 2F 1-2: Foul Ball, location: 2F 1-2: Strikes out swinging
|
Bottom of the 2nd over - 0 runs, 2 hits, 0 errors, 1 left on base; Texas 5 - Colorado 1 |
TOP OF THE 3RD |
Texas Rangers batting - Pitching for Colorado Rockies : LHP Steve Ransom
|
Batting: LHB Sean Geisler
|
0-0: Ball 1-0: Ball 2-0: Foul Ball, location: 2F 2-1: Foul Ball, location: 2F 2-2: Ball 3-2: Foul Ball, location: 2F 3-2: Fly out, F8 (Flyball, 8RD, EV 100.0 MPH)
|
Batting: LHB Andy Bowman
|
0-0: Ball 1-0: Ball 2-0: Foul Ball, location: 2F 2-1: Ground out 4-3 (Groundball, 34, EV 105.0 MPH)
|
Batting: RHB Jerry Jauregui
|
0-0: Swinging Strike 0-1: Ball 1-1: Ground out 4-3 (Groundball, 34, EV 79.4 MPH)
|
Top of the 3rd over - 0 runs, 0 hits, 0 errors, 0 left on base; Texas 5 - Colorado 1 |
BOTTOM OF THE 3RD |
Colorado Rockies batting - Pitching for Texas Rangers : RHP Pimbly Nimblebottom
|
Batting: SHB Jon Munoz
|
0-0: Swinging Strike 0-1: Swinging Strike 0-2: Ball 1-2: Ball 2-2: Foul Ball, location: 2F 2-2: Ball 3-2: DOUBLE (Flyball, 8RXD, EV 113.1 MPH)
|
Batting: RHB Joel Haycock
|
0-0: Called Strike 0-1: Foul Ball, location: 2F 0-2: Ball 1-2: SINGLE (Groundball, 56, EV 100.6 MPH) (infield hit) Jon Munoz to third
|
Pinch Runner at 1st Bobby Santor:
|
|
Batting: RHB Jason Andrews
|
0-0: Ball 1-0: Called Strike 1-1: Ball 2-1: TRIPLE (Flyball, 89XD, EV 108.8 MPH) Jon Munoz scores Bobby Santor scores
|
Batting: RHB Sterling Acosta
|
0-0: Called Strike 0-1: Foul Ball, location: 2F 0-2: Fly out, F9 (Flyball, 89S, EV 86.9 MPH) Runner from 3rd tags up, SCORES, throw by RF
|
Batting: SHB Eddie Quinones
|
0-0: Ball 1-0: DOUBLE (Groundball, 3L, EV 111.9 MPH)
|
Batting: RHB Chad Thompson
|
0-0: Called Strike 0-1: Ball 1-1: Foul Ball, location: 2F 1-2: Foul Ball, location: 2F 1-2: Strikes out swinging
|
Batting: LHB Robert Watson
|
0-0: Ball 1-0: Swinging Strike 1-1: Foul Ball, location: 2F 1-2: Ball 2-2: Ball 3-2: Ground out 3-1 (Groundball, 13, EV 93.1 MPH)
|
Bottom of the 3rd over - 3 runs, 4 hits, 0 errors, 1 left on base; Texas 5 - Colorado 4 |
TOP OF THE 4TH |
Texas Rangers batting - Pitching for Colorado Rockies : LHP Steve Ransom
|
Now at 1B: Bobby Santor
|
|
Batting: SHB Jun Tsuda
|
0-0: Ball 1-0: Ball 2-0: Foul Ball, location: 2F 2-1: Bunt missed! 2-2: Foul Ball, location: 2F 2-2: Ball 3-2: SINGLE (Line Drive, 6MD, EV 95.0 MPH)
|
Pitching: RHP Mike Mik
|
|
Batting: SHB John Giesbrecht
|
0-0: Called Strike 0-1: Ball 1-1: Called Strike 1-2: Foul Ball, location: 2F 1-2: Strikes out swinging
|
Batting: RHB Butch Kaiser
|
0-0: Ball 1-0: Called Strike Jun Tsuda steals 2nd base 1-1: Ball 2-1: SINGLE (Line Drive, 56D, EV 97.5 MPH) Jun Tsuda to third Runner from 3rd tries for Home, throw by LF and OUT! 7-2 Butch Kaiser to second
|
Batting: RHB Adriaan Boessenkool
|
0-0: Fly out, F2 (Popup, 5SF, EV 88.1 MPH)
|
Top of the 4th over - 0 runs, 2 hits, 0 errors, 1 left on base; Texas 5 - Colorado 4 |
BOTTOM OF THE 4TH |
Colorado Rockies batting - Pitching for Texas Rangers : RHP Pimbly Nimblebottom
|
Batting: RHB Eduardo Camacho
|
0-0: Called Strike 0-1: Called Strike 0-2: Ball 1-2: Ground out 5-3 (Groundball, 5, EV 97.5 MPH)
|
Batting: SHB Chris Blue
|
0-0: Ball 1-0: Swinging Strike 1-1: Ball 2-1: Called Strike 2-2: Ball 3-2: Base on Balls
|
Batting: SHB Jon Munoz
|
0-0: Called Strike Chris Blue is caught stealing 2nd base 2-6 0-1: Foul Ball, location: 2F 0-2: DOUBLE (Line Drive, 7LM, EV 108.1 MPH)
|
Batting: SHB Bobby Santor
|
0-0: Called Strike 0-1: Swinging Strike 0-2: Ball 1-2: Ball 2-2: Foul Ball, location: 2F 2-2: Foul Ball, location: 2F 2-2: Strikes out looking
|
Bottom of the 4th over - 0 runs, 1 hit, 0 errors, 1 left on base; Texas 5 - Colorado 4 |
TOP OF THE 5TH |
Texas Rangers batting - Pitching for Colorado Rockies : RHP Mike Mik
|
Batting: SHB Tze-meng Gan
|
0-0: Foul Ball, location: 2F 0-1: Fly out, F7 (Flyball, 7LM, EV 101.2 MPH)
|
Batting: RHB Zhao-ji Chi
|
0-0: Ground out 6-3 (Groundball, 6, EV 84.4 MPH)
|
Batting: LHB Sean Geisler
|
0-0: Ball 1-0: SINGLE (Groundball, 34D, EV 105.6 MPH)
|
Batting: LHB Andy Bowman
|
0-0: Foul Ball, location: 2F 0-1: Fly out, F8 (Flyball, 8LD, EV 93.1 MPH)
|
Top of the 5th over - 0 runs, 1 hit, 0 errors, 1 left on base; Texas 5 - Colorado 4 |
BOTTOM OF THE 5TH |
Colorado Rockies batting - Pitching for Texas Rangers : RHP Pimbly Nimblebottom
|
Batting: RHB Jason Andrews
|
0-0: Called Strike 0-1: Ball 1-1: Ball 2-1: Foul Ball, location: 2F 2-2: Ball 3-2: Ground out 6-3 (Groundball, 6, EV 97.5 MPH)
|
Batting: RHB Sterling Acosta
|
0-0: Called Strike 0-1: Foul Ball, location: 2F 0-2: Foul Ball, location: 2F 0-2: TRIPLE (Flyball, 78XD, EV 112.5 MPH)
|
Batting: SHB Eddie Quinones
|
0-0: Ball 1-0: Ball 2-0: Called Strike 2-1: TRIPLE (Line Drive, 89XD, EV 110.6 MPH) Sterling Acosta scores
|
Pitching: RHP Hector Aguado
|
|
Batting: RHB Chad Thompson
|
0-0: Called Strike 0-1: SINGLE (Line Drive, 89S, EV 113.1 MPH) Eddie Quinones scores
|
Batting: LHB Robert Watson
|
0-0: Called Strike 0-1: Grounds into double play, 4-6-3 (Groundball, 4S, EV 80.6 MPH)
|
Bottom of the 5th over - 2 runs, 3 hits, 0 errors, 0 left on base; Texas 5 - Colorado 6 |
TOP OF THE 6TH |
Texas Rangers batting - Pitching for Colorado Rockies : RHP Mike Mik
|
Batting: RHB Jerry Jauregui
|
0-0: DOUBLE (Flyball, 78XD, EV 105.6 MPH)
|
Batting: SHB Jun Tsuda
|
0-0: Called Strike 0-1: Called Strike 0-2: Strikes out looking
|
Batting: SHB John Giesbrecht
|
0-0: Ball 1-0: Called Strike 1-1: Ball 2-1: Foul Ball, location: 2F 2-2: Ground out 1-3 (Groundball, 34S, EV 68.8 MPH) Jerry Jauregui to third
|
Batting: RHB Butch Kaiser
|
0-0: Ball 1-0: Ball 2-0: Ball 3-0: Base on Balls
|
Pinch Hitting: LHB Cody Schumacher
|
0-0: Called Strike 0-1: Ball 1-1: Called Strike 1-2: Strikes out swinging
|
Top of the 6th over - 0 runs, 1 hit, 0 errors, 2 left on base; Texas 5 - Colorado 6 |
BOTTOM OF THE 6TH |
Colorado Rockies batting - Pitching for Texas Rangers : RHP Hector Aguado
|
Now in CF: Cody Schumacher
|
|
Now in RF: Zhao-ji Chi
|
|
Batting: RHB Eduardo Camacho
|
0-0: Called Strike 0-1: Ball 1-1: Foul Ball, location: 2F 1-2: SINGLE (Groundball, 25, EV 71.9 MPH) (infield hit)
|
Batting: SHB Chris Blue
|
0-0: Foul Ball, location: 2F 0-1: DOUBLE (Line Drive, 7LM, EV 108.8 MPH) Eduardo Camacho to third
|
Batting: SHB Jon Munoz
|
0-0: Ball 1-0: Swinging Strike 1-1: Foul Ball, location: 2F 1-2: Ball 2-2: Ball 3-2: Strikes out looking
|
Batting: SHB Bobby Santor
|
0-0: Fly out, F8 (Flyball, 8LD, EV 97.5 MPH) Runner from 3rd tags up, OUT at HOME! 8-2
|
Bottom of the 6th over - 0 runs, 2 hits, 0 errors, 1 left on base; Texas 5 - Colorado 6 |
TOP OF THE 7TH |
Texas Rangers batting - Pitching for Colorado Rockies : RHP Mike Mik
|
Pitching: RHP Mike Chapman
|
|
Batting: SHB Tze-meng Gan
|
0-0: Swinging Strike 0-1: SINGLE (Line Drive, 34D, EV 108.8 MPH)
|
Pinch Hitting: SHB Moe Lester
|
0-0: Ball 1-0: Ball 2-0: Ball 3-0: Base on Balls Tze-meng Gan to second
|
Batting: LHB Sean Geisler
|
0-0: Called Strike 0-1: Grounds into double play, 6-4-3 (Groundball, 6, EV 99.4 MPH) Tze-meng Gan to third
|
Batting: LHB Andy Bowman
|
0-0: Called Strike 0-1: Ball 1-1: TRIPLE (Flyball, 78XD, EV 96.9 MPH) Tze-meng Gan scores
|
Batting: RHB Jerry Jauregui
|
0-0: Ball 1-0: Ball 2-0: Ground out 6-3 (Groundball, 6, EV 78.8 MPH)
|
Top of the 7th over - 1 run, 2 hits, 0 errors, 1 left on base; Texas 6 - Colorado 6 |
BOTTOM OF THE 7TH |
Colorado Rockies batting - Pitching for Texas Rangers : RHP Hector Aguado
|
Pitching: RHP Brad Kramer
|
|
Now in RF: Moe Lester
|
|
Batting: RHB Jason Andrews
|
0-0: Swinging Strike 0-1: Foul Ball, location: 2F 0-2: Ball 1-2: Foul Ball, location: 2F 1-2: Strikes out swinging
|
Batting: RHB Sterling Acosta
|
0-0: Ball 1-0: Ball 2-0: Ball 3-0: Called Strike 3-1: Base on Balls
|
Batting: SHB Eddie Quinones
|
0-0: Ball Sterling Acosta steals 2nd base 1-0: Ball 2-0: Ball 3-0: Called Strike 3-1: Base on Balls
|
Batting: RHB Chad Thompson
|
0-0: Called Strike 0-1: Called Strike 0-2: Ball 1-2: Foul Ball, location: 2F 1-2: Ball 2-2: Foul Ball, location: 2F 2-2: Ground out 5-3 (Groundball, 56S, EV 86.2 MPH) Sterling Acosta to third Eddie Quinones to second
|
Batting: LHB Robert Watson
|
0-0: Ball 1-0: Called Strike 1-1: Ball 2-1: Ball 3-1: Foul Ball, location: 2F 3-2: Base on Balls
|
Batting: RHB Eduardo Camacho
|
0-0: SINGLE (Line Drive, 9S, EV 97.5 MPH) Sterling Acosta scores Eddie Quinones to third Robert Watson to second Runner from 3rd tries for Home, SAFE, throw by RF to home
|
Batting: SHB Chris Blue
|
0-0: Ball 1-0: Ground out 4-3 (Groundball, 4, EV 90.0 MPH)
|
Bottom of the 7th over - 2 runs, 1 hit, 0 errors, 2 left on base; Texas 6 - Colorado 8 |
TOP OF THE 8TH |
Texas Rangers batting - Pitching for Colorado Rockies : RHP Mike Chapman
|
Batting: SHB Jun Tsuda
|
0-0: Called Strike 0-1: Called Strike 0-2: Ball 1-2: Ball 2-2: Foul Ball, location: 2F 2-2: Strikes out swinging
|
Batting: SHB John Giesbrecht
|
0-0: Called Strike 0-1: Ball 1-1: Swinging Strike 1-2: Foul Ball, location: 2F 1-2: Ball 2-2: Foul Ball, location: 2F 2-2: Foul Ball, location: 2F 2-2: Fly out, F9 (Line Drive, 89M, EV 88.1 MPH)
|
Batting: RHB Butch Kaiser
|
0-0: Ball 1-0: Called Strike 1-1: SOLO HOME RUN (Flyball, 78XD, EV 99.4 MPH), Distance : 403 ft
|
Batting: LHB Cody Schumacher
|
0-0: Called Strike 0-1: Ball 1-1: Swinging Strike 1-2: Strikes out swinging
|
Top of the 8th over - 1 run, 1 hit, 0 errors, 0 left on base; Texas 7 - Colorado 8 |
BOTTOM OF THE 8TH |
Colorado Rockies batting - Pitching for Texas Rangers : RHP Brad Kramer
|
Pitching: RHP Mike Webb
|
|
Batting: SHB Jon Munoz
|
0-0: Ball 1-0: Ball 2-0: Called Strike 2-1: Ball 3-1: Called Strike 3-2: Ground out 6-3 (Groundball, 6, EV 106.2 MPH)
|
Batting: SHB Bobby Santor
|
0-0: Ball 1-0: Called Strike 1-1: Swinging Strike 1-2: Fly out, F7 (Flyball, 78M, EV 93.1 MPH)
|
Batting: RHB Jason Andrews
|
0-0: Ball 1-0: Ball 2-0: Ball 3-0: Ground out 6-3 (Groundball, 6MS, EV 85.0 MPH)
|
Bottom of the 8th over - 0 runs, 0 hits, 0 errors, 0 left on base; Texas 7 - Colorado 8 |
TOP OF THE 9TH |
Texas Rangers batting - Pitching for Colorado Rockies : RHP Mike Chapman
|
Pitching: LHP Bill Ogren
|
|
Batting: SHB Tze-meng Gan
|
0-0: Ball 1-0: Called Strike 1-1: Fly out, F8 (Flyball, 8RM, EV 83.8 MPH)
|
Batting: SHB Moe Lester
|
0-0: Foul Ball, location: 2F 0-1: Foul Ball, location: 2F 0-2: Ball 1-2: Ball 2-2: Foul Ball, location: 2F 2-2: Ball 3-2: Base on Balls
|
Batting: LHB Sean Geisler
|
0-0: Foul Ball, location: 2F 0-1: Ball 1-1: Ball 2-1: Swinging Strike 2-2: Foul Ball, location: 2F 2-2: Grounds into double play, 4-6-3 (Groundball, 4, EV 83.1 MPH)
|
Top of the 9th over - 0 runs, 0 hits, 0 errors, 0 left on base; Texas 7 - Colorado 8 |
|